 Dungeon Crawl Stone Soup version 0.19.0-19-g8c6edcc (webtiles) character file.

82 dysrexia the Insei (level 4, 0/28 HPs)
             Began as an Octopode Transmuter on Nov 12, 2016.
             Slain by Robin
             ... wielding a +4 mace of holy wrath
              (4 damage)
             ... on level 2 of the Dungeon.
             The game lasted 00:05:07 (2127 turns).

dysrexia the Insei (Octopode Transmuter)            Turns: 2127, Time: 00:05:08

Health: 0/28       AC:  1    Str:  9    XL:     4   Next: 43%
Magic:  7/7        EV: 13    Int: 15    God:
Gold:   128        SH:  0    Dex: 13    Spells: 3 memorised, 1 level left

rFire  . . .     SeeInvis .       - Unarmed
rCold  . . .     Gourm    .     (no shield)
rNeg   . . .     Faith    .     (helmet restricted)
rPois  .         Spirit   .     (no amulet)
rElec  .         Reflect  .     (no ring)
rCorr  .         Harm     .     (no ring)
MR     .....                    (no ring)
Stlth  ++........               (no ring)
                                (no ring)
                                (no ring)
                                (no ring)
                                (no ring)

@: appendage
A: almost no armour, stealthy swim, amphibious, 8 rings, constrict 8, tentacle
spike 3, camouflage 1, gelatinous body 1
a: End Transformation


You were on level 2 of the Dungeon.
You were not hungry.
One of your tentacles had a temporary spike.
You visited 1 branch of the dungeon, and saw 3 of its levels.

You collected 128 gold pieces.

Inventory:

Missiles
 a - 8 arrows
Scrolls
 e - 2 scrolls of noise {unknown}
 f - 2 scrolls of remove curse {unknown}
 h - a scroll of fog {unknown}
 j - 2 scrolls of fear {unknown}
 k - 2 scrolls of amnesia {unknown}
 l - 2 scrolls of identify {unknown}
 n - a scroll of enchant armour {unknown}
Potions
 i - a potion of haste {unknown}
 o - a potion of heal wounds {unknown}
 p - a potion of lignification {unknown}
Books
 b - a book of Changes

   Spells                             Type                      Level
   a - Beastly Appendage              Transmutation                1
   b - Sticks to Snakes               Transmutation                2
   c - Spider Form                    Transmutation/Poison         3
   d - Ice Form                       Ice/Transmutation            4
   e - Blade Hands                    Transmutation                5
Comestibles
 c - 2 bread rations
 d - a royal jelly
 g - a meat ration
 m - 4 chunks of flesh


   Skills:
 - Level 1.0 Fighting
 - Level 2.0 Dodging
 + Level 3.9 Unarmed Combat
 - Level 2.0 Spellcasting
 * Level 3.7 Transmutations


You had one spell level left.
You knew the following spells:

 Your Spells              Type           Power        Failure   Level  Hunger
a - Beastly Appendage     Tmut           ##....       6%          1    #......
b - Sticks to Snakes      Tmut           ##......     10%         2    ###....
c - Spider Form           Tmut/Pois      #.........   34%         3    ###....


Dungeon Overview and Level Annotations

Branches:
Dungeon (3/15)

Altars:
Makhleb

Annotations:
D:2 Robin


Innate Abilities, Weirdness & Mutations

You cannot wear most types of armour.
You are very stealthy in the water. (Stealth+)
You are amphibious.
You can wear up to eight rings at the same time.
You can use your tentacles to constrict eight enemies at once.
Your skin changes colour to match your surroundings (Stealth+).
Your rubbery body absorbs attacks. (AC +1, EV +1)
One of your tentacles bears a large vicious spike.


Message History

The goblin hits you with a club.
You miss the goblin. Your grab misses the goblin.
You pierce the goblin, but do no damage.
Robin points. "Kill!"
The goblin hits you.
* * * LOW HITPOINT WARNING * * *
You bludgeon the goblin!
You kill the goblin!
Robin throws the goblin at you! The goblin misses you. The goblin hits you.
* * * LOW HITPOINT WARNING * * *
You tentacle-slap the goblin. You grab the goblin.
The goblin is severely wounded.
You constrict the goblin.
The goblin struggles to escape constriction.
You barely miss the goblin. You squeeze the goblin.
You kill the goblin!
You tentacle-slap the goblin.
You kill the goblin!
Robin hits you with a mace of holy wrath.
You die...

### ########.#######
....)..........###
.#####.......).).# .#
#...#####.#@#########.## .# #...#
#.#g##.......... .#####...#
#....g.....g...!g# .........#
###.#.##..g..(..##.##
.####....###.................gg#
.####..........#.#........gg...#
.#.##.....##.#.#.......#.......#
.#........##.#.#...............#
.#.##.....##.#.##..###.###.....##


You could see Robin.

Vanquished Creatures
  An adder (D:3)
  An ooze (D:1)
  A worm (D:2)
  17 goblins
  5 hobgoblins
  2 jackals (D:2)
  4 kobolds
  A quokka (D:2)
  6 bats
  2 frilled lizards (D:1)
  4 rats
44 creatures vanquished.

Vanquished Creatures (collateral kills)
  Jessica (D:2)
  A quokka (D:3)
  A bat (D:2)
3 creatures vanquished.

Grand Total: 47 creatures vanquished

Notes
Turn   | Place    | Note
-------+----------+-------------------------------------------
     0 | D:1      | dysrexia the Octopode Transmuter began the quest for the Orb.
     0 | D:1      | Reached XP level 1. HP: 13/13 MP: 3/3
   366 | D:1      | Reached XP level 2. HP: 18/18 MP: 3/5
  1166 | D:1      | Learned a level 2 spell: Sticks to Snakes
  1200 | D:2      | Noticed Jessica
  1209 | D:2      | Killed Jessica
  1209 | D:2      | Reached XP level 3. HP: 23/23 MP: 0/6
  1393 | D:2      | You fall through a shaft!
  1393 | D:3      | Found a burning altar of Makhleb.
  1521 | D:3      | Reached XP level 4. HP: 23/28 MP: 7/7
  1529 | D:3      | Learned a level 3 spell: Spider Form
  2020 | D:2      | Noticed Robin
  2127 | D:2      | Slain by Robin

Skill      XL: |  1  2 |
---------------+-------+-----
Transmutations | 3 |  3.7
Fighting       | |  1.0
Dodging        | |  2.0
Unarmed Combat | |  3.9
Spellcasting   | |  2.0

Action                   |  1- 3 |  4- 6 || total
-------------------------+-------+-------++-------
Melee: Unarmed           |    86 |    34 ||   120
       Constrict         |    21 |    10 ||    31
       Tentacles         |     9 |     4 ||    13
       Kick              |    10 |     7 ||    17
       Punch             |     2 |       ||     2
 Cast: Beastly Appendage |     9 |     5 ||    14
       Sticks to Snakes  |     3 |     1 ||     4
 Stab: Sleeping          |     4 |       ||     4
  Eat: Chunk             |     2 |     2 ||     4
Armor: Skin              |     9 |     6 ||    15
Dodge: Dodged            |    57 |    19 ||    76
